 Dungeon Crawl Stone Soup version 0.18-a0-1730-g73f0523 (webtiles) character file.

408 Denapoli the Archer (level 6, -5/48 HPs)
             Began as a Centaur Hunter on Apr 10, 2016.
             Shot with an arrow by a centaur (9 damage)
             ... on level 5 of the Dungeon.
             The game lasted 00:18:28 (3831 turns).

Denapoli the Archer (Centaur Hunter)                Turns: 3831, Time: 00:18:31

Health: -5/48      AC:  7    Str: 14    XL:     6   Next: 57%
Magic:  6/6        EV:  8    Int: 15    God:
Gold:   161        SH:  0    Dex: 12    Spells: 0 memorised, 5 levels left

rFire  . . .     SeeInvis .     e - +0 short sword
rCold  . . .     Gourm    .     a - +0 ring mail
rNeg   . . .     Faith    .     (no shield)
rPois  .         Spirit   .     h - +1 helmet
rElec  .         Dismiss  .     (no cloak)
rCorr  .         Reflect  .     (no gloves)
SustAt .         Harm     .     (no barding)
MR     .....                    (no amulet)
Stlth  ..........               (no ring)
                                (no ring)

@: brilliant, very quick, not resistant to hostile enchantments, extremely
unstealthy
A: hooves 3, deformed body, speed 2, tough skin 3
a: no special abilities


You were on level 5 of the Dungeon.
You were not hungry.

You visited 1 branch of the dungeon, and saw 6 of its levels.

You collected 161 gold pieces.

Inventory:

Hand Weapons
 e - a +0 short sword (weapon)
 q - a +1 shortbow
Missiles
 d - 17 arrows
Armour
 a - a +0 ring mail (worn)
 c - a +0 shield
 h - a +1 helmet (worn)
Scrolls
 b - a scroll of enchant armour
 i - 2 scrolls of identify {unknown}
 j - a scroll of immolation {unknown}
 k - a scroll of brand weapon {unknown}
Comestibles
 f - 2 bread rations
 m - 2 meat rations


   Skills:
 - Level 2.0 Fighting
 * Level 10.4 Bows
 - Level 1.3 Dodging
 - Level 0.5 Stealth


You had 5 spell levels left.
You didn't know any spells.

Dungeon Overview and Level Annotations

Branches:
Dungeon (6/15)
 Temple: D:4-7

Altars:
Elyvilon
Gozag

Annotations:
D:3 Sigmund
D:4 Grinder
D:5 Menkaure


Innate Abilities, Weirdness & Mutations

You have hooves in place of feet.
Armour fits poorly on your strangely shaped body.
You cover ground very quickly.
You have extremely tough skin (AC +3).


Message History

The hound bites you but does no damage. The hound bites you.
* * * LOW HITPOINT WARNING * * *
It was a potion of brilliance.
You feel clever all of a sudden. The hound bites you.
* * * LOW HITPOINT WARNING * * *
The hound closely misses you.
As you read the scroll of teleportation, it crumbles to dust.
You feel strangely unstable. The hound bites you but does no damage.
Your surroundings suddenly seem different.
There is a stone staircase leading up here.
The orc shouts!
You climb upwards.
Level annotation: Menkaure A centaur comes into view.
The centaur wields a shortbow.
The centaur shoots an arrow.
The arrow hits you.
* * * LOW HITPOINT WARNING * * *
The centaur shoots an arrow.
The arrow hits you!
You die...

#########
#.......#
#.....c.#
#.......#
#.......#
#.......#
#.......######
#.....@.......
######.###.#.#
#+# ##### #...#
#...#
####...########


You could see a centaur.

Vanquished Creatures
  A black bear (D:5)
  An ice beast (D:5)
  A crimson imp (D:6)
  A howler monkey (D:6)
  An orc priest (D:6)
  A giant frog skeleton (D:5)
  Ijyb (D:3)
  A worker ant (D:4)
  2 adders (D:2)
  A worm (D:2)
  A dart slug (D:2)
  A giant cockroach (D:2)
  7 hobgoblins
  2 jackals (D:5)
  5 kobolds
  A quokka (D:5)
  A ball python (D:6)
  A bat (D:1)
  6 giant newts
  8 goblins
  5 rats
49 creatures vanquished.

Notes
Turn   | Place    | Note
--------------------------------------------------------------
     0 | D:1      | Denapoli the Centaur Hunter began the quest for the Orb.
     0 | D:1      | Reached XP level 1. HP: 17/17 MP: 1/1
   498 | D:1      | Reached XP level 2. HP: 24/24 MP: 2/2
   546 | D:1      | Reached skill level 6 in Bows
  1454 | D:2      | Reached XP level 3. HP: 17/29 MP: 3/3
  1770 | D:2      | Reached skill level 7 in Bows
  1860 | D:3      | Noticed Ijyb
  1894 | D:3      | Killed Ijyb
  1894 | D:3      | Reached XP level 4. HP: 34/36 MP: 4/4
  1969 | D:3      | Noticed Sigmund
  1990 | D:4      | Noticed Grinder
  1994 | D:4      | Paralysed by Grinder for 3 turns
  2038 | D:4      | Found a white marble altar of Elyvilon.
  2058 | D:5      | Entered Level 5 of the Dungeon
  2349 | D:5      | Reached skill level 8 in Bows
  2480 | D:5      | Noticed Menkaure
  2528 | D:5      | Found an opulent altar of Gozag.
  2692 | D:6      | Reached XP level 5. HP: 31/41 MP: 5/5
  2818 | D:6      | Noticed a black bear
  2843 | D:6      | Reached skill level 9 in Bows
  2879 | D:6      | Noticed an ice beast
  2892 | D:6      | Noticed a phantom
  2988 | D:5      | Killed an ice beast
  2988 | D:5      | Reached XP level 6. HP: 31/48 MP: 6/6
  3208 | D:5      | Reached skill level 10 in Bows
  3720 | D:6      | Noticed an orc warrior
  3831 | D:5      | Shot with an arrow by a centaur

Vault maps used:
D:1:      saegor_arrival_simple_b, hangedman_decor_growths,
          kennysheep_small_spiral, corexii_corridor_pit,
          hangedman_abyss_or_decor_lesser_grid, due_unseen_surprise
D:2:      dk_noncrumbling_3
D:3:      corexii_shack_village, fiery_altar_vehumet, st_stairs_1, uniq_jessica,
          uniq_sigmund, uniq_iyjb
D:4:      lemuel_doored_altar, elyvilon_altar_4, okawaru_metal_pillars_1_2,
          temple_green, first_bread, uniq_grinder, uniq_blork_the_orc
D:5:      kennysheep_mini, serial_shops, kennysheep_little_box, uniq_menkaure
D:6:      nicolae_gozag_zags_fifth_avenue

Skill      XL: |  1  2  3  4  5  6 |
---------------+-------------------+-----
Bows           | 6 7 8 9 10 | 10.4
Fighting       | |  2.0
Dodging        | |  1.3
Stealth        | |  0.5

Action                   |  1- 3 |  4- 6 || total
-------------------------+-------+-------++-------
Melee: Short sword       |    93 |    85 ||   178
 Fire: Shortbow          |    48 |    74 ||   122
  Use: Scroll            |     5 |     1 ||     6
       Potion            |     1 |     9 ||    10
  Eat: Chunk             |     2 |     1 ||     3
       Bread ration      |       |     1 ||     1
